 Dungeon Crawl Stone Soup version 0.25.0-3-gd7cc5688da (webtiles) character file.

Game seed: 16789702239945418703

163 Gwenloh the Skirmisher (level 5, -9/45 HPs)
             Began as a Demigod Wanderer on June 16, 2020.
             Mangled by an ice beast (14 damage)
             ... on level 3 of the Dungeon.
             The game lasted 00:12:24 (3488 turns).

Gwenloh the Skirmisher (Demigod Wanderer)           Turns: 3488, Time: 00:12:24

Health: -9/45      AC:  2    Str: 15    XL:     5   Next: 0%
Magic:  10/10      EV: 13    Int: 17    God:
Gold:   79         SH:  0    Dex: 16    Spells: 7/8 levels left

rFire    . . .     SeeInvis .   a - +2 short sword
rCold    . . .     Gourm    .   (no shield)
rNeg     . . .     Faith    .   d - +0 robe
rPois    .         Spirit   .   (no helmet)
rElec    .         Reflect  .   (no cloak)
rCorr    .         Harm     .   (no gloves)
MR       +....                  (no boots)
Stlth    ++........             (no amulet)
HPRegen  0.15/turn              l - ring of flight
MPRegen  0.12/turn              s - ring of protection from magic

@: no status effects
A: high mp 1
a: Evoke Flight


You were on level 3 of the Dungeon.
You were not hungry.

You visited 1 branch of the dungeon, and saw 3 of its levels.

You collected 79 gold pieces.

Inventory:

Hand Weapons
 a - a +2 short sword (weapon)
 b - a +0 hunting sling
Missiles
 e - 64 stones
 i - 19 poisoned darts (quivered)
 t - 20 arrows
 w - 3 sling bullets
Armour
 d - a +0 robe (worn)
 m - a +0 pair of gloves
 r - a +0 ring mail
Jewellery
 l - a ring of flight (left hand)
 s - a ring of protection from magic (right hand)
Scrolls
 g - 2 scrolls of enchant weapon {unknown}
 h - a scroll of identify {unknown}
 k - 4 scrolls of remove curse
 u - a scroll of magic mapping {unknown}
 x - a scroll of blinking {unknown}
Potions
 c - a potion of degeneration {unknown}
 j - 2 potions of curing {unknown}
 n - a potion of might {unknown}
 o - 2 potions of stabbing {unknown}
 q - a potion of invisibility {unknown}
 v - a potion of flight {unknown}
Comestibles
 f - 7 rations
 p - 3 chunks of flesh


   Skills:
 + Level 3.4 Fighting
 - Level 1.0 Short Blades
 + Level 1.8 Armour
 + Level 2.1 Dodging
 + Level 2.3 Stealth
   Level 1.0 Shields
 + Level 2.0 Spellcasting
 - Level 1.7 Translocations


You had 7 spell levels left.
You knew the following spells:

 Your Spells              Type           Power        Failure   Level  Hunger
a - Apportation           Tloc           #.....       10%         1    #......

Your spell library contained the following spells:

 Spells                   Type           Power        Failure   Level  Hunger
 Foxfire                  Conj/Fire      #...         19%         1    #......
 Gell's Gravitas          Tloc           #.........   28%         3    ###....
 Inner Flame              Hex/Fire       #.......     50%         3    ###....


Dungeon Overview and Level Annotations

Branches:
Dungeon (3/15)


Innate Abilities, Weirdness & Mutations

You have an increased reservoir of magic. (+10% MP)


Message History

You hit the ice beast.
The ice beast is heavily wounded.
The ice beast hits you. The ice beast freezes you!
You are too injured to fight recklessly!
You are too injured to fight recklessly!
You are too injured to fight recklessly!
You are too injured to fight recklessly!
You barely miss the ice beast.
The ice beast is heavily wounded.
The ice beast completely misses you.
You hit the ice beast but do no damage.
The ice beast is heavily wounded.
The ice beast hits you. The ice beast freezes you.
* * * LOW HITPOINT WARNING * * *
You barely miss the ice beast.
The ice beast is heavily wounded.
The ice beast hits you.
* * * LOW HITPOINT WARNING * * *
The ice beast freezes you!
You die...

#. #.## ##...
##...## ##.....##
##.......## #
###.........####(...
..'.........@YK...<.
##.........####(...
##.......## .
##.....## ##...##
##'## ..##.# #.
#.##.# #. #.##.##


You could see an ice beast and a kobold.

Vanquished Creatures
  Robin (D:3)
  4 gnolls (D:2)
  4 adders
  An adder zombie (D:3)
  6 worms
  3 leopard geckos
  5 bats
  5 giant cockroaches
  8 goblins
  5 hobgoblins
  A quokka (D:3)
  7 frilled lizards
  10 kobolds
  3 rats (D:1)
63 creatures vanquished.

Notes
Turn   | Place    | Note
-------+----------+-------------------------------------------
     0 | D:1      | Gwenloh the Demigod Wanderer began the quest for the Orb.
     0 | D:1      | Gwenloh set off with the following items: a +2 short sword,
                  | a +0 robe, a ration; and the following spells available to
                  | memorise: Apportation, Foxfire, Gell's Gravitas, Inner
                  | Flame
     0 | D:1      | Reached XP level 1. HP: 18/18 MP: 4/4
     2 | D:1      | Learned a level 1 spell: Apportation
   300 | D:1      | Reached XP level 2. HP: 25/25 MP: 6/6
   895 | D:2      | Reached skill level 3 in Fighting
   962 | D:2      | Reached skill level 1 in Armour
  1004 | D:2      | Reached XP level 3. HP: 18/31 MP: 7/7
  1665 | D:2      | Reached XP level 4. HP: 38/38 MP: 9/9
  1925 | D:2      | Found a glowing silver altar of Zin.
  2676 | D:2      | Found a stormy altar of Qazlal.
  2678 | D:2      | Noticed an air elemental
  2678 | D:2      | Noticed a fire elemental
  2679 | D:2      | Noticed a water elemental
  2679 | D:2      | Noticed an earth elemental
  2908 | D:3      | Noticed Robin
  3247 | D:3      | Killed Robin
  3263 | D:3      | Noticed an ice beast
  3472 | D:3      | Reached XP level 5. HP: 45/45 MP: 10/10
  3488 | D:3      | Mangled by an ice beast

Illustrated notes

Levels and vault maps discovered:
D:1:      scummos_arrival_simple_fountains, layout_basic, serial_glass,
          glass_columns_b, glass_columns_c, glass_columns_a, glass_columns_a,
          glass_columns_a, glass_columns_a, glass_columns_a, glass_columns_b,
          glass_columns_a, glass_columns_a, serial_bayou_pond_d,
          serial_bayou_crossing
D:2:      layout_loops_ring, overflow_temple_1_default,
          nicolae_qazlal_style_of_elements, chequers_serial_rivers_small_3,
          nrook_loot_triangle, nrook_mini_backslash
D:3:      layout_loops_corners, first_ration, kennysheep_generic_room_5,
          uniq_robin, uniq_jessica

Skill      XL: |  1  2  3  4 |
---------------+-------------+-----
Fighting       | 3 |  3.4
Armour         | 1 |  1.8
Stealth        | 2 |  2.3
Dodging        | 2 |  2.1
Spellcasting   | 2 |  2.0
Short Blades   | |  1.0
Shields        | |  1.0
Translocations | |  1.7

Action                   |  1- 3 |  4- 6 || total
-------------------------+-------+-------++-------
Melee: Short sword       |    68 |    76 ||   144
 Fire: Hunting sling     |    77 |    65 ||   142
Throw: Stone             |    21 |       ||    21
 Cast: Apportation       |     2 |       ||     2
  Use: Scroll            |     1 |       ||     1
  Eat: Chunk             |     2 |     6 ||     8
Armor: Robe              |     9 |    12 ||    21
Dodge: Dodged            |    47 |    54 ||   101
